 Dungeon Crawl Stone Soup version 0.29-a0-341-g24ffce5b50 (webtiles) character file.

Game seed: 11011035052530039489

1738 croobank the Ducker (level 9, 0/75 HPs)
             Began as a Gnoll Gladiator on Apr 20, 2022.
             Slain by Duvessa
             ... wielding a +0 rapier
              (3 damage)
             ... on level 7 of the Dungeon.
             The game lasted 00:26:40 (6580 turns).

croobank the Ducker (Gnoll Gladiator)               Turns: 6580, Time: 00:26:41

Health: 0/75       AC: 23    Str: 19    XL:     9   Next: 5%
Magic:  23/23      EV: 10    Int:  9    God:
Gold:   257        SH:  0    Dex: 15    Spells: 15/15 levels left

rFire   + . .      SeeInvis .   t - +0 war axe
rCold   + . .      Faith    .   (no shield)
rNeg    . . .      Spirit   .   b - +7 chain mail of Miublo {*Corrode rElec rPois Str+2}
rPois   +          Reflect  .   l - +1 helmet
rElec   +          Harm     .   (no cloak)
rCorr   .          Rampage  .   n - +2 pair of gloves {hurl}
Will    .....                   m - +1 pair of boots
Stlth   ..........              (no amulet)
HPRegen 0.22/turn               j - ring of protection from cold
MPRegen 0.18/turn               A - ring of magical power

@: hasted, very quick
A: fangs 1, strong nose, distributed training, agile 1, fire resistance 1,
robust 1
a: no special abilities


You were on level 7 of the Dungeon.
You visited 1 branch of the dungeon, and saw 7 of its levels.

You collected 257 gold pieces.

Inventory:

Hand Weapons
 a - a +3 broad axe of freezing
 k - a +0 morningstar
 q - a +0 hunting sling
 r - a +1 short sword of speed
 t - a +0 war axe (weapon)
 y - a +3 flail of protection
Missiles
 e - 6 javelins (quivered)
 i - 388 stones
Armour
 b - the +7 chain mail of Miublo (worn) {*Corrode rElec rPois Str+2}
   (You found it on level 3 of the Dungeon)

   Str:       It affects your strength (+2).
   rElec:     It insulates you from electricity.
   rPois:     It protects you from poison.
   *Corrode:  It may corrode you when you take damage.
 l - a +1 helmet (worn)
 m - a +1 pair of boots (worn)
 n - a +2 pair of gloves of hurling (worn)
 w - a +0 plate armour
Jewellery
 j - a ring of protection from cold (left hand)
 A - a ring of magical power (right hand)
Wands
 s - a wand of polymorph (4)
Scrolls
 g - a scroll of teleportation
 h - a scroll of holy word
Potions
 c - a potion of haste
 d - a potion of flight
 o - 2 potions of resistance
 p - a potion of mutation
 u - a potion of brilliance
 v - a potion of attraction
 z - 2 potions of might {unknown}


   Skills:
 + Level 6.0 Fighting
 + Level 3.8 Short Blades
 + Level 3.8 Long Blades
 + Level 7.6 Axes
 + Level 3.8 Maces & Flails
 + Level 3.8 Polearms
 + Level 3.8 Staves
 + Level 3.8 Slings
 + Level 3.8 Bows
 + Level 3.8 Crossbows
 + Level 6.0 Throwing
 + Level 3.8 Armour
 + Level 7.6 Dodging
 + Level 3.8 Stealth
 + Level 3.8 Shields
 + Level 3.8 Unarmed Combat
 + Level 3.8 Spellcasting
 + Level 3.1 Conjurations
 + Level 3.1 Hexes
 + Level 3.1 Summonings
 + Level 3.1 Necromancy
 + Level 3.1 Translocations
 + Level 3.1 Transmutations
 + Level 3.1 Fire Magic
 + Level 3.1 Ice Magic
 + Level 3.1 Air Magic
 + Level 3.1 Earth Magic
 + Level 3.1 Poison Magic
 + Level 4.2 Invocations
 + Level 3.8 Evocations


You had 15 spell levels left.
You didn't know any spells.
Your spell library contained the following spells:

 Spells                   Type           Power      Damage    Failure   Level
 Magic Dart               Conj           28%        1d4       65%         1
 Searing Ray              Conj           14%        2d5       78%         2
 Cause Fear               Hex            3%         N/A       100%        4
 Fulminant Prism          Conj/Hex       3%         3d6       100%        4
 Dragon Form              Tmut           3%         N/A       100%        7
 Dragon's Call            Summ           3%         N/A       100%        9


Dungeon Overview and Level Annotations

Branches:
Dungeon (7/15)             Temple (0/1) D:6

Altars:
Ashenzari
Sif Muna

Annotations:
D:3 2 transporters, Atlas's ghost, weakling OpAE
D:7 Duvessa


Innate Abilities, Weirdness & Mutations

You have very sharp teeth.
Your uncanny sense of smell can sniff out nearby items.
Your experience applies equally to all skills.
You are agile. (Dex +2)
Your flesh is heat resistant. (rF+)
You are robust. (+10% HP)


Message History

Aim: Duvessa, wielding a +0 rapier and wearing a +2 leather armour of fire resistance (heavily wounded, berserk, will become an ogre, a centaur, or a golden eye, chance to affect: 41%)
Okay, then.
Okay, then.
Sorry, you're not good enough to have a special ability.
Okay, then.
Throw: 2 throwing nets
Press: ? - help, Q - select action, (/) - cycle Shift-Dir - straight line, f - Duvessa
Aim: Duvessa, wielding a +0 rapier and wearing a +2 leather armour of fire resistance (heavily wounded, berserk, 72% to hit)
You throw a throwing net. The throwing net hits Duvessa.
Duvessa is caught in the net!
Duvessa is heavily wounded.
You slash Duvessa! You bite Duvessa.
Duvessa is severely wounded.
Duvessa struggles against the net. x2
You slash Duvessa!
Duvessa is almost dead.
Duvessa struggles against the net.
The net rips apart, and Duvessa comes free!
Throw: throwing net
Press: ? - help, Q - select action, (/) - cycle Shift-Dir - straight line, f/p - Duvessa
Aim: Duvessa, wielding a +0 rapier and wearing a +2 leather armour of fire resistance (almost dead, berserk, 72% to hit)
You throw a throwing net.
The throwing net closely misses Duvessa.
You hit Duvessa but do no damage.
Duvessa is almost dead.
Duvessa barely misses you.
You barely miss Duvessa. Your bite misses Duvessa.
Duvessa is almost dead.
Duvessa hits you but does no damage. x2
You hit Duvessa. You bite Duvessa, but do no damage.
Duvessa is almost dead.
Duvessa hits you with a +0 rapier!
* * * LOW HITPOINT WARNING * * *
You hit Duvessa.
Duvessa is almost dead.
Duvessa barely misses you.
You barely miss Duvessa. Your bite misses Duvessa.
Duvessa is almost dead.
Duvessa hits you with a +0 rapier.
You die...

#.###.#.###$......
... #.#.#
...#..#.# .###
#.#.###...#. #.#
#.
#.##...#......)# #
#.##..##..#....#
#.##..##..#....#
#..##........
#...........# ∆
##...@e....(#
#...###.......#
)..#. #.###....
#)# .. ... ... #
(## #### # ##


You could see Duvessa (berserk).

Vanquished Creatures
  Grinder (D:4)
  Edmund (D:7)
  An orc warrior (D:7)
  2 black bears (D:7)
  An ice beast (D:7)
  A sky beast (D:3)
  3 bullfrogs
  2 necrophages (D:6)
  3 scorpions
  Dowan (D:7)
  A howler monkey (D:5)
  A jelly (D:5)
  4 orc priests
  A hound (D:6)
  A gnoll shaman (D:5)
  An orc wizard (D:6)
  3 gnolls (D:5)
  7 adders
  A worm (D:2)
  2 dart slugs (D:1)
  10 orcs
  4 ball pythons
  11 endoplasms
  3 giant cockroaches
  9 goblins
  4 hobgoblins
  2 jackals (D:2)
  2 quokkas (D:1)
  3 bats
  A frilled lizard (D:1)
  7 kobolds
  4 rats
98 creatures vanquished.

Notes
Turn   | Place    | Note
-------+----------+-------------------------------------------
     0 | D:1      | croobank the Gnoll Gladiator began the quest for the Orb.
     0 | D:1      | Reached XP level 1. HP: 20/20 MP: 1/1
    65 | D:1      | Reached XP level 2. HP: 15/26 MP: 2/2
   726 | D:1      | Reached XP level 3. HP: 31/31 MP: 3/3
  1107 | D:2      | Reached skill level 1 in Invocations
  1497 | D:2      | Reached skill level 1 in Short Blades
  1497 | D:2      | Reached skill level 1 in Long Blades
  1497 | D:2      | Reached skill level 1 in Maces & Flails
  1497 | D:2      | Reached skill level 1 in Polearms
  1497 | D:2      | Reached skill level 1 in Staves
  1497 | D:2      | Reached skill level 1 in Slings
  1497 | D:2      | Reached skill level 1 in Bows
  1497 | D:2      | Reached skill level 1 in Crossbows
  1497 | D:2      | Reached skill level 1 in Armour
  1497 | D:2      | Reached skill level 1 in Stealth
  1497 | D:2      | Reached skill level 1 in Shields
  1497 | D:2      | Reached skill level 1 in Unarmed Combat
  1497 | D:2      | Reached skill level 1 in Spellcasting
  1497 | D:2      | Reached skill level 1 in Evocations
  1702 | D:3      | Reached XP level 4. HP: 38/38 MP: 5/5
  1726 | D:3      | Found a transporter.
  1726 | D:3      | Noticed Atlas's ghost (weakling OpAE)
  1733 | D:3      | Noticed a phantom
  1841 | D:3      | Identified the +7 chain mail of Miublo {*Corrode rElec
                  | rPois Str+2}
  2048 | D:3      | Found a transporter.
  2059 | D:3      | Noticed a sky beast
  2094 | D:3      | Killed a sky beast
  2095 | D:3      | Reached skill level 1 in Conjurations
  2095 | D:3      | Reached skill level 1 in Hexes
  2095 | D:3      | Reached skill level 1 in Summonings
  2095 | D:3      | Reached skill level 1 in Necromancy
  2095 | D:3      | Reached skill level 1 in Translocations
  2095 | D:3      | Reached skill level 1 in Transmutations
  2095 | D:3      | Reached skill level 1 in Fire Magic
  2095 | D:3      | Reached skill level 1 in Ice Magic
  2095 | D:3      | Reached skill level 1 in Air Magic
  2095 | D:3      | Reached skill level 1 in Earth Magic
  2095 | D:3      | Reached skill level 1 in Poison Magic
  2095 | D:3      | Reached XP level 5. HP: 23/43 MP: 5/7
  2392 | D:3      | Found a faded altar of an unknown god.
  2787 | D:4      | Noticed Grinder
  2793 | D:4      | Paralysed by Grinder for 5 turns
  2802 | D:4      | Paralysed by Grinder for 5 turns
  2813 | D:4      | Killed Grinder
  2814 | D:4      | Reached skill level 5 in Fighting
  2814 | D:4      | Reached skill level 5 in Throwing
  2814 | D:4      | Reached XP level 6. HP: 44/51 MP: 7/9
  3280 | D:4      | Noticed Edmund
  3438 | D:5      | Entered Level 5 of the Dungeon
  3584 | D:5      | Reached XP level 7. HP: 55/56 MP: 10/10
  4462 | D:5      | Gained mutation: You sometimes lose the ability to read
                  | scrolls when taking damage. [potion of mutation]
  4462 | D:5      | Gained mutation: You passively map a small area around you.
                  | [potion of mutation]
  4995 | D:6      | Found a broken altar of Ashenzari.
  5036 | D:6      | Found a staircase to the Ecumenical Temple.
  5262 | D:6      | Lost mutation: You passively map a small area around you.
                  | [potion of mutation]
  5262 | D:6      | Lost mutation: You sometimes lose the ability to read
                  | scrolls when taking damage. [potion of mutation]
  5262 | D:6      | Gained mutation: Your flesh is heat resistant. (rF+)
                  | [potion of mutation]
  5262 | D:6      | Gained mutation: You are robust. (+10% HP) [potion of
                  | mutation]
  5262 | D:6      | Gained mutation: You are agile. (Dex +2) [potion of
                  | mutation]
  5418 | D:6      | Reached XP level 8. HP: 69/69 MP: 12/12
  5853 | D:7      | Killed Edmund
  6195 | D:7      | Found a shimmering blue altar of Sif Muna.
  6476 | D:7      | Noticed Duvessa
  6491 | D:7      | Identified a scroll of acquirement
  6491 | D:7      | Acquired a +3 broad axe of freezing
  6509 | D:7      | Noticed Dowan
  6530 | D:7      | Reached XP level 9. HP: 55/75 MP: 14/14
  6538 | D:7      | Killed Dowan
  6578 | D:7      | HP: 3/75 [Duvessa/+0 rapier (12)]
  6580 | D:7      | Slain by Duvessa

Illustrated notes

Levels and vault maps discovered:
D:1:      matt_arrival_refuge, layout_basic, minmay_cupped
D:2:      layout_basic, minmay_misc_feat_roman
D:3:      layout_basic, shapermc_ecumenical_altar_venn,
          gammafunk_ghost_mausoleum, minivault_24
D:4:      layout_layer_cave, uniq_edmund, uniq_grinder
D:5:      layout_basic, serial_rivers, chequers_serial_rivers_marsh,
          chequers_serial_rivers_small_a, chequers_serial_rivers_room_a,
          chequers_serial_rivers_micro_c
D:6:      layout_basic, mainiacjoe_overflow_alcove_1, minmay_temple_entry_wispy
D:7:      layout_loops_ring, lemuel_crystal_altar, mainiacjoe_overflow_chevrons,
          uniq_duvessa

Skill      XL: |  1  2  3  4  5  6  7  8 |
---------------+-------------------------+-----
Invocations    | 1 2 3 4 |  4.2
Short Blades   | 1 2 3 |  3.8
Long Blades    | 1 2 3 |  3.8
Maces & Flails | 1 2 3 |  3.8
Polearms       | 1 2 3 |  3.8
Staves         | 1 2 3 |  3.8
Slings         | 1 2 3 |  3.8
Bows           | 1 2 3 |  3.8
Crossbows      | 1 2 3 |  3.8
Armour         | 1 2 3 |  3.8
Stealth        | 1 2 3 |  3.8
Shields        | 1 2 3 |  3.8
Unarmed Combat | 1 2 3 |  3.8
Spellcasting   | 1 2 3 |  3.8
Evocations     | 1 2 3 |  3.8
Conjurations   | 1 2 3 |  3.1
Hexes          | 1 2 3 |  3.1
Summonings     | 1 2 3 |  3.1
Necromancy     | 1 2 3 |  3.1
Translocations | 1 2 3 |  3.1
Transmutations | 1 2 3 |  3.1
Fire Magic     | 1 2 3 |  3.1
Ice Magic      | 1 2 3 |  3.1
Air Magic      | 1 2 3 |  3.1
Earth Magic    | 1 2 3 |  3.1
Poison Magic   | 1 2 3 |  3.1
Fighting       | 5 6 |  6.0
Throwing       | 5 6 |  6.0
Axes           | 7 |  7.6
Dodging        | 7 |  7.6

Action                   |  1- 3 |  4- 6 |  7- 9 || total
-------------------------+-------+-------+-------++-------
Melee: War axe           |   100 |    89 |   223 ||   412
       Bite              |    10 |     6 |    26 ||    42
       Punch             |     2 |     2 |     8 ||    12
Throw: Throwing net      |       |     3 |     3 ||     6
Evoke: Wand              |       |       |     1 ||     1
  Use: Scroll            |     6 |     5 |     4 ||    15
       Potion            |       |       |     6 ||     6
 Stab: Sleeping          |     1 |     2 |       ||     3
Armor: Leather armour    |    29 |     3 |       ||    32
       Chain mail        |       |    50 |   199 ||   249
       Ring mail         |       |     2 |       ||     2
Dodge: Dodged            |    68 |    38 |   111 ||   217

Table legend: (Time is in decaauts)
 A = Elapsed time spent in this place.
 B = Non-inter-level travel time spent in this place.
 C = Inter-level travel time spent in this place.
 D = Time resting spent in this place.
 E = Time spent auto-exploring this place.
 F = Levels seen in this place.
 G = Mean time per level.
                   A        B        C        D        E       F      G
               +--------+--------+--------+--------+--------+-----+--------+
         Total |   6617 |   6428 |    189 |    886 |   4312 |   7 |  945.3 |
       Dungeon |   6617 |   6428 |    189 |    886 |   4312 |   7 |  945.3 |
               +--------+--------+--------+--------+--------+-----+--------+

Top non-repeatable levels by time:
     D:5: 1466 daAuts
     D:3: 1122 daAuts
     D:1: 953 daAuts
     D:6: 925 daAuts
     D:7: 760 daAuts
     D:2: 717 daAuts
     D:4: 672 daAuts
